 Dungeon Crawl Stone Soup version 0.25-a0-403-g49d089a364 (webtiles) character file.

Game seed: 1077934566621859856, levelgen mode: deterministic

8616 kae the Zephyrmancer (level 11, -2/74 HPs)
             Began as a Pale Draconian Air Elementalist on Jan 9, 2020.
             Was a Believer of Vehumet.
             Slain by a yak (16 damage)
             ... on level 9 of the Dungeon.
             The game lasted 00:23:47 (14742 turns).

kae the Zephyrmancer (DrAE)                        Turns: 14742, Time: 00:23:48

Health: -2/74      AC:  8    Str: 18    XL:     11   Next: 12%
Magic:  1/23       EV: 12    Int: 20    God:    Vehumet [**....]
Gold:   611        SH:  0    Dex: 13    Spells: 11/26 levels left

rFire    + . .     SeeInvis .   y - +6 falchion "Aninox" {vamp, rF+ MR+ Int+2}
rCold    . . .     Gourm    .   (no shield)
rNeg     . . .     Faith    .   (armour unavailable)
rPois    .         Spirit   .   (helmet restricted)
rElec    .         Reflect  .   m - +0 cloak
rCorr    .         Harm     .   (no gloves)
MR       +....                  (no boots)
Stlth    ++........             (no amulet)
HPRegen  0.22/turn              e - +5 ring of strength
MPRegen  0.18/turn              z - +3 ring of strength

@: no status effects
A: breathe steam, unfitting armour, cold-blooded, AC +7
a: Breathe Steam, Renounce Religion


You were on level 9 of the Dungeon.
You worshipped Vehumet.
Vehumet was pleased with you.
You were not hungry.

You visited 2 branches of the dungeon, and saw 10 of its levels.

You collected 611 gold pieces.

Inventory:

Hand Weapons
 i - a +1 falchion
 y - the +6 falchion "Aninox" (weapon) {vamp, rF+ MR+ Int+2}
   (You took it off a hobgoblin on level 7 of the Dungeon)

   It inflicts no extra harm, but heals its wielder when it wounds a living foe.
   It affects your intelligence (+2).
   It protects you from fire.
   It affects your resistance to hostile enchantments.
Armour
 m - a +0 cloak (worn)
Magical Staves
 t - an uncursed staff of death
Jewellery
 e - a +5 ring of strength (left hand)
 k - an uncursed ring of resist corrosion
 q - an uncursed ring of poison resistance
 s - an uncursed ring of stealth
 v - an uncursed ring of flight
 z - a +3 ring of strength (right hand)
Wands
 h - a wand of paralysis (9)
 A - a wand of iceblast (13)
Scrolls
 a - 9 scrolls of identify
 c - 4 scrolls of remove curse
 d - a scroll of fear
 f - 2 scrolls of teleportation
 g - 3 scrolls of enchant armour
 n - a scroll of enchant weapon
 o - 2 scrolls of amnesia
 r - 2 scrolls of random uselessness
 x - 2 scrolls of fog {unknown}
Potions
 j - 2 potions of brilliance
 l - a potion of flight
 p - a potion of curing
 u - 2 potions of might {unknown}
 w - 3 potions of degeneration
 C - a potion of lignification
Comestibles
 b - 15 rations
 B - 4 chunks of flesh


   Skills:
 - Level 1.7 Dodging
 - Level 1.7 Stealth
 + Level 8.2 Spellcasting
 + Level 8.7 Conjurations
 * Level 13.3 Air Magic


You had 11 spell levels left.
You knew the following spells:

 Your Spells              Type           Power        Failure   Level  Hunger
a - Shock                 Conj/Air       ####         1%          1    None
b - Static Discharge      Conj/Air       ######..     1%          3    None
c - Swiftness             Chrm/Air       #####...     1%          2    None
d - Airstrike             Air            ######....   1%          4    ###....
e - Lightning Bolt        Conj/Air       ######....   2%          5    #####..

Your spell library contained the following spells:

 Spells                   Type           Power        Failure   Level  Hunger
 Magic Dart               Conj           ####         1%          1    None
 Dazzling Flash           Conj/Hex       ####..       4%          3    None
 Beastly Appendage        Tmut           #.....       9%          1    None
 Corona                   Hex            #......      9%          1    None
 Ensorcelled Hibernation  Hex/Ice        #.....       13%         2    None
 Sticks to Snakes         Tmut           #.......     13%         2    None
 Confusing Touch          Hex            #.......     26%         3    None
 Spider Form              Tmut/Pois      #.........   26%         3    None
 Tukima's Dance           Hex            #.......     26%         3    None
 Ice Form                 Ice/Tmut       #.......     63%         4    ###....
 Blade Hands              Tmut           #.........   93%         5    #####..


Dungeon Overview and Level Annotations

Branches:
Dungeon (9/15)             Temple (1/1) D:7
   Lair: D:8-11         Orc: D:9-12

Altars:
Ashenzari
Cheibriados
Dithmenos
Elyvilon
Fedhas
Gozag
Hepliaklqana
Kikubaaqudgha
Makhleb
Nemelex Xobeh
Okawaru
Qazlal
Ru
Sif Muna
Trog
Uskayaw
Vehumet
Wu Jian
Xom
Yredelemnul
Zin
The Shining One

Annotations:
D:3 Ijyb
D:9 exclusion: door


Innate Abilities, Weirdness & Mutations

You can breathe blasts of scalding, opaque steam.
Your pale cyan-grey scales are hard. (AC +7)
You cannot fit into any form of body armour.
You are cold-blooded and may be slowed by cold attacks.


Message History

You are struck by an arc of lightning.
The lightning grounds out.
The yak closely misses you.
You riposte.
You hit the yak but do no damage.
Your tail-slap misses the yak.
The yak is severely wounded.
The yak gores you.
Casting: Static Discharge (safe; 1% risk of failure)
Confirm with . or Enter, or press ? or * to list all spells.
The yak is struck by an arc of lightning.
The yak is almost dead.
You are struck by an arc of lightning.
* * * LOW HITPOINT WARNING * * *
The lightning grounds out.
The yak gores you but does no damage. The yak gores you!
* * * LOW HITPOINT WARNING * * *
Casting: Static Discharge (safe; 1% risk of failure)
Confirm with . or Enter, or press ? or * to list all spells.
The yak is struck by an arc of lightning.
The yak is almost dead.
The lightning grounds out.
The yak gores you!
You die...

#### # #..# # #..# # #..#######
### ###........# #.#
...........###############.#
(..............Y@..........#
.....#######'###†..........######
######...S.....#.................
# ....?.....#................. #
..........#...#'#+#......... #
......YY..#...#...#...###### #
.Y..Y.....#...#...#...# #
.Y........#...#...#...# #
......#####...#...#...#


You could see a yak.

Vanquished Creatures
  2 two-headed ogres
  Maggie (D:8)
  A queen bee (D:8)
  A hippogriff (D:5)
  14 yaks (D:9)
  2 ice beasts (D:8)
  2 orc warriors
  2 sky beasts
  3 ogres
  3 centaurs
  5 bullfrogs
  4 scorpions
  20 killer bees
  4 wights (D:8)
  4 electric eels (D:6)
  6 howler monkeys
  3 crimson imps
  A centaur zombie (D:9)
  A quasit (D:9)
  A bullfrog skeleton (D:4)
  4 hounds
  2 jellies
  13 orc wizards
  9 orc priests
  A centaur skeleton (D:6)
  Jessica (D:3)
  3 iguanas
  6 worker ants
  A killer bee zombie (D:8)
  A hound zombie (D:8)
  A hound skeleton (D:4)
  2 worker ant zombies
  5 gnolls (D:7)
  10 adders
  A shadow imp (D:7)
  2 adder skeletons
  An adder zombie (D:6)
  4 worms
  A dart slug (D:2)
  5 leopard geckos
  42 orcs
  A bat zombie (D:1)
  9 giant cockroaches
  11 goblins
  15 hobgoblins
  3 jackals (D:5)
  12 kobolds
  6 quokkas
  2 ball pythons
  7 bats
  7 frilled lizards
  A jackal skeleton (D:4)
  A leopard gecko skeleton (D:8)
  A quokka zombie (D:1)
  7 rats
278 creatures vanquished.

Vanquished Creatures (others)
  7 plants (D:9)
7 creatures vanquished.

Grand Total: 285 creatures vanquished

Notes
Turn   | Place    | Note
-------+----------+-------------------------------------------
     0 | D:1      | kae the Draconian Air Elementalist began the quest for the
                  | Orb.
     0 | D:1      | Reached XP level 1. HP: 14/14 MP: 3/3
   237 | D:1      | Reached XP level 2. HP: 20/20 MP: 0/5
  1538 | D:2      | Reached XP level 3. HP: 24/26 MP: 0/6
  2555 | D:2      | Reached skill level 4 in Air Magic
  2555 | D:2      | Reached XP level 4. HP: 16/33 MP: 0/8
  2756 | D:2      | Found a hazy altar of Hepliaklqana.
  2968 | D:2      | Noticed a bullfrog
  3183 | D:1      | Learned a level 3 spell: Static Discharge
  3186 | D:1      | Learned a level 2 spell: Swiftness
  3277 | D:2      | Killed a bullfrog
  3277 | D:2      | Reached XP level 5. HP: 24/38 MP: 0/9
  4268 | D:3      | Noticed Jessica
  4278 | D:3      | Killed Jessica
  4278 | D:3      | Reached skill level 5 in Air Magic
  4281 | D:3      | Noticed Ijyb
  4487 | D:3      | Found a sacrificial altar of Ru.
  4516 | D:3      | HP: 1/38 [disintegration (9)]
  4890 | D:3      | Learned a level 4 spell: Airstrike
  5086 | D:3      | Reached XP level 6. HP: 45/45 MP: 1/11
  6415 | D:4      | Reached skill level 6 in Air Magic
  6656 | D:4      | Your scales start taking on a pale cyan-grey colour.
  6656 | D:4      | Reached XP level 7. HP: 50/50 MP: 5/12
  6771 | D:5      | Entered Level 5 of the Dungeon
  6783 | D:5      | Reached skill level 7 in Air Magic
  6954 | D:5      | Noticed a hippogriff
  6960 | D:5      | Killed a hippogriff
  7160 | D:5      | Found a sparkling altar of Nemelex Xobeh.
  7324 | D:5      | Reached skill level 8 in Air Magic
  7324 | D:5      | Reached XP level 8. HP: 44/57 MP: 7/14
  8035 | D:6      | Reached skill level 5 in Conjurations
  8063 | D:6      | Reached skill level 5 in Spellcasting
  8201 | D:6      | Reached skill level 9 in Air Magic
  8358 | D:6      | Found a shattered altar of Ashenzari.
  8443 | D:6      | Learned a level 5 spell: Lightning Bolt
  9127 | D:7      | Reached XP level 9. HP: 54/62 MP: 14/17
  9761 | D:7      | Reached skill level 10 in Air Magic
 10069 | D:7      | Found a staircase to the Ecumenical Temple.
 10179 | Temple   | Entered the Ecumenical Temple
 10901 | D:7      | Identified the +6 falchion "Aninox" {vamp, rF+ MR+ Int+2}
 11269 | D:7      | Found a stormy altar of Qazlal.
 11409 | Temple   | Became a worshipper of Vehumet
 11680 | D:8      | Reached skill level 11 in Air Magic
 11779 | D:8      | Noticed Maggie
 11779 | D:8      | Noticed a two-headed ogre
 12107 | D:8      | Killed a two-headed ogre
 12107 | D:8      | Reached XP level 10. HP: 48/69 MP: 6/20
 12244 | D:8      | Killed Maggie
 12503 | D:8      | Reached * piety under Vehumet
 12503 | D:8      | Offered knowledge of Foxfire by Vehumet.
 12511 | D:8      | Reached skill level 12 in Air Magic
 12570 | D:8      | HP: 3/69 [wight/+0 morningstar (1)]
 13680 | D:9      | Noticed a two-headed ogre
 13687 | D:9      | Killed a two-headed ogre
 13921 | D:9      | Noticed a +0 dagger
 13922 | D:9      | Found a hide-covered altar of Uskayaw.
 13922 | D:9      | Noticed a +0 hand axe
 14089 | D:9      | Found a snail-covered altar of Cheibriados.
 14124 | D:9      | Found a blossoming altar of Fedhas.
 14329 | D:9      | Reached skill level 13 in Air Magic
 14397 | D:9      | Reached ** piety under Vehumet
 14410 | D:9      | Offered knowledge of Magic Dart by Vehumet.
 14410 | D:9      | Reached XP level 11. HP: 73/74 MP: 10/23
 14742 | D:9      | Slain by a yak

Levels and vault maps discovered:
D:1:      saegor_arrival_fortress, layout_basic
D:2:      layout_basic, overflow_temple_1_default, st_stairs_13, dk_vineyard_3
D:3:      layout_basic, lemuel_crystal_altar, kennysheep_boxes, uniq_jessica,
          uniq_ijyb
D:4:      layout_rooms
D:5:      layout_loops_ring, kennysheep_little_box, first_ration,
          minmay_misc_feat_cross
D:6:      layout_rooms, ashenzari_conservatory_becter, serial_bayou,
          serial_bayou_ford_a, serial_bayou_lagoon_a, serial_bayou_crossing,
          serial_bayou_lake_a
D:7:      corexii_shantytown, layout_loops_corners,
          nicolae_qazlal_eye_of_the_storm, minmay_temple_entry_stoned_glass
D:8:      layout_basic, hangedman_decor_peaks_small, david_nohive_1, uniq_maggie
D:9:      layout_irregular_city, dancing_weapons_uskayaw,
          fedhas_altar_decomposition, cheibriados_altar_1
Temple:   regret_index_temple_generic_petals

Skill      XL: |  1  2  3  4  5  6  7  8  9 10 |
---------------+-------------------------------+-----
Conjurations   | 2 3 4 5 7 8 |  8.7
Air Magic      | 4 5 6 8 9 11 13 | 13.3
Spellcasting   | 3 4 5 6 8 |  8.2
Dodging        | |  1.7
Stealth        | |  1.7

Action                   |  1- 3 |  4- 6 |  7- 9 | 10-12 || total
-------------------------+-------+-------+-------+-------++-------
Melee: Unarmed           |   130 |    35 |       |       ||   165
       Tailslap          |    21 |    13 |    17 |     3 ||    54
       Falchion          |       |    65 |   118 |    43 ||   226
 Cast: Shock             |    84 |   154 |   130 |    37 ||   405
       Static Discharge  |       |     5 |    26 |    18 ||    49
       Airstrike         |       |     6 |    11 |    33 ||    50
       Swiftness         |       |     1 |       |       ||     1
       Lightning Bolt    |       |       |     6 |       ||     6
 Abil: Breathe Steam     |       |       |    35 |    23 ||    58
  Use: Scroll            |     3 |     9 |    11 |     1 ||    24
       Potion            |     2 |     1 |     1 |     3 ||     7
 Stab: Sleeping          |       |     3 |     5 |       ||     8
       Distracted        |       |       |     1 |       ||     1
  Eat: Chunk             |     6 |     9 |    25 |    11 ||    51
       Ration            |       |     2 |       |     1 ||     3
Armor: Skin              |    41 |    60 |    47 |    63 ||   211
Dodge: Dodged            |   101 |    86 |   119 |    59 ||   365
       Rpst.: Falchion   |       |    16 |    31 |    16 ||    63

Table legend:
 A = Non-vault XP
 B = Vault XP
 C = Vault XP percentage of total XP
 D = Non-vault monster count
 E = Vault monster count
 F = Vault count percentage of total count
                 A         B        C        D         E       F
            +---------+---------+-------+---------+---------+-------
      Total |   10616 |    1693 |  13.8 |     228 |      50 |  18.0
            +---------+---------+-------+---------+---------+-------
        D:1 |      26 |       3 |  10.3 |      18 |       2 |  10.0
        D:2 |     204 |       2 |   1.0 |      28 |       1 |   3.4
        D:3 |     253 |      37 |  12.8 |      26 |       1 |   3.7
        D:4 |     363 |       0 |   0.0 |      16 |       0 |   0.0
        D:5 |     859 |       0 |   0.0 |      26 |       0 |   0.0
        D:6 |    1036 |       0 |   0.0 |      27 |       0 |   0.0
        D:7 |    1461 |      76 |   4.9 |      37 |      30 |  44.8
        D:8 |    1970 |    1575 |  44.4 |      24 |      16 |  40.0
        D:9 |    4444 |       0 |   0.0 |      26 |       0 |   0.0
            +---------+---------+-------+---------+---------+-------
